[Event "Titled Tuesday Blitz June 13 Late 2023"]
[White "Babazada, Khazar"]
[Black "Korkmaz, Necmettin"]
[WhiteFideId "13413554"]
[BlackFideId "6303285"]
[WhiteElo "2369"]
[BlackElo "2097"]
[Result "1-0"]
[Round "4"]
[TimeControl "180+2"]
[Date "2023.06.13"]
[WhiteClock "0:01:09"]
[BlackClock "0:00:23"]
[Board "33"]

1. e4 e5 2. Nf3 Nc6 3. Bc4 Nf6 4. d3 h6 5. O-O d6 6. c3 g6 7. Re1 Bg7 8. Nbd2 Na5 9. Bb5+ c6 10. Ba4 b5 11. Bc2 O-O 12. d4 Qe7 13. b4 Nc4 14. Nxc4 bxc4 15. h3 a5 16. bxa5 Rxa5 17. a4 c5 18. Qe2 Ba6 19. d5 Nd7 20. Be3 Kh7 21. Reb1 Nf6 22. Nd2 Nh5 23. g3 Qd7 24. Kh2 Ra8 25. Nxc4 Bxc4 26. Qxc4 Kh8 27. Rb6 f5 28. exf5 gxf5 29. g4 Nf4 30. Bxf5 Qe7 31. Rab1 Rf8 32. Rb8 Ra8 33. Rxa8 Rxa8 34. Qe4 Qh4 35. Qf3 Bf6 36. Rb7 Rxa4 37. Rd7 Bg5 38. Rxd6 Ra2 39. Rd7 Nxh3 40. Rh7+ Kg8 41. Be6+ Kxh7 42. Qf7+ Kh8 43. Qg8# 1-0


[Site "https://www.chess.com"]

[Event "Titled Tuesday Blitz June 13 Late 2023"]
[White "Feng, Eric"]
[Black "Tari, Aryan"]
[WhiteFideId "30952590"]
[BlackFideId "1510045"]
[WhiteElo "1785"]
[BlackElo "2586"]
[Result "0-1"]
[Round "4"]
[TimeControl "180+2"]
[Date "2023.06.13"]
[WhiteClock "0:00:12"]
[BlackClock "0:00:15"]
[Board "34"]

1. d4 Nf6 2. c4 g6 3. Nf3 Bg7 4. g3 d5 5. cxd5 Nxd5 6. Bg2 Nb6 7. O-O Nc6 8. e3 O-O 9. b3 e5 10. Bb2 exd4 11. exd4 Bg4 12. Na3 Qd7 13. Nc2 Rad8 14. Qd2 Bh3 15. Rad1 Bxg2 16. Kxg2 Nd5 17. Ne3 Rfe8 18. Nc4 Qf5 19. Qd3 Qg4 20. Qd2 Re2 21. Qc1 b5 22. Nce5 Nxe5 23. dxe5 Qe4 24. Rd4 Ne3+ 25. Qxe3 Qxe3 26. Rxd8+ Bf8 27. Ba3 c5 28. Re1 Qxf2+ 29. Kh3 Qxf3 30. Rxe2 Qh5+ 31. Kg2 Qxe2+ 32. Kh3 b4 33. Bc1 Qh5+ 34. Kg2 Qe2+ 35. Kh3 Kg7 36. Bf4 Be7 37. Rd7 Qh5+ 38. Kg2 Bg5 39. e6 Qe2+ 40. Kg1 Qxe6 41. Rxa7 Bxf4 42. gxf4 Qe3+ 43. Kg2 c4 0-1


[Site "https://www.chess.com"]

[Event "Titled Tuesday Blitz June 13 Late 2023"]
[White "Gimenez Aguirre, Alejo Ismael"]
[Black "Grigoriants, Sergey"]
[WhiteFideId "32041667"]
[BlackFideId "4130804"]
[WhiteElo "2165"]
[BlackElo "2502"]
[Result "0-1"]
[Round "4"]
[TimeControl "180+2"]
[Date "2023.06.13"]
[WhiteClock "0:00:14"]
[BlackClock "0:01:07"]
[Board "35"]

1. e4 c5 2. Nf3 Nc6 3. Bb5 e6 4. O-O Nge7 5. Re1 a6 6. Bf1 b6 7. c3 d5 8. exd5 Nxd5 9. d4 cxd4 10. Nxd4 Bb7 11. Nxc6 Bxc6 12. Qg4 Nf6 13. Rxe6+ Be7 14. Qc4 Bb5 15. Rxe7+ Qxe7 16. Qf4 Bxf1 17. Kxf1 O-O 18. Be3 Nd5 19. Qg5 Nxe3+ 20. Qxe3 Qd6 21. g3 Qd1+ 22. Kg2 Rfe8 23. Qf3 Qxf3+ 24. Kxf3 Re1 25. a4 Rd8 26. a5 b5 0-1


[Site "https://www.chess.com"]

[Event "Titled Tuesday Blitz June 13 Late 2023"]
[White "Vovk, Orest"]
[Black "Mekhitarian, Krikor Sevag"]
[WhiteFideId "14113490"]
[BlackFideId "2107660"]
[WhiteElo "2215"]
[BlackElo "2604"]
[Result "0-1"]
[Round "4"]
[TimeControl "180+2"]
[Date "2023.06.13"]
[WhiteClock "0:00:00"]
[BlackClock "0:00:05"]
[Board "36"]

1. g4 d5 2. Bg2 c6 3. h3 g6 4. Nc3 Bg7 5. e4 dxe4 6. Nxe4 Nf6 7. Nxf6+ Bxf6 8. d3 O-O 9. Ne2 Bg7 10. d4 Nd7 11. Be3 Nf6 12. Qd2 Nd5 13. Bh6 Qd6 14. Bxg7 Kxg7 15. c4 Nc7 16. O-O-O a5 17. c5 Qf6 18. Nc3 Ne6 19. Ne4 Qf4 20. Rhe1 Rd8 21. Qxf4 Nxf4 22. Bf1 h6 23. Nc3 Be6 24. Re4 g5 25. b3 Rd7 26. Na4 Rh8 27. Nb6 Rdd8 28. Re3 h5 29. Bc4 hxg4 30. Bxe6 Nxe6 31. hxg4 Rh2 32. Re2 Rg2 33. Red2 Rxg4 34. Nc4 a4 35. Ne5 Rgxd4 36. Rxd4 Rxd4 37. Rg1 axb3 38. axb3 f6 39. Nc4 Nxc5 40. Kc2 Rf4 41. Kc3 Rxf2 42. b4 Rf3+ 43. Kd4 Ne6+ 44. Ke4 Rf4+ 45. Kd3 b5 46. Na5 Rxb4 47. Nxc6 Rb3+ 48. Ke4 Kf7 49. Rf1 Nf4 50. Nd4 Rb4 51. Ke3 e5 52. Nc6 Rc4 53. Na5 Rc3+ 54. Kd2 Ra3 55. Nb7 b4 56. Nd6+ Ke6 57. Nc4 Rd3+ 58. Kc2 Rd4 59. Kb3 g4 60. Kxb4 g3 61. Kc5 Nd3+ 62. Kb5 g2 63. Rg1 Nf4 64. Ne3 Rd3 65. Nxg2 Nxg2 66. Rxg2 f5 67. Kc4 Rd4+ 68. Kc3 f4 69. Rg8 Kf5 70. Re8 Ke4 71. Rf8 f3 72. Rf7 Ke3 73. Rf5 e4 74. Rf8 Rd3+ 75. Kc2 Rd7 76. Rf7 Rxf7 0-1


[Site "https://www.chess.com"]

[Event "Titled Tuesday Blitz June 13 Late 2023"]
[White "Bayo Milagro, Alvaro"]
[Black "Maksimovic, Bojan"]
[WhiteFideId "22275240"]
[BlackFideId "14408120"]
[WhiteElo "2270"]
[BlackElo "2457"]
[Result "0-1"]
[Round "4"]
[TimeControl "180+2"]
[Date "2023.06.13"]
[WhiteClock "0:00:05"]
[BlackClock "0:00:34"]
[Board "37"]

1. d4 Nf6 2. Nf3 d6 3. c4 Nbd7 4. Nc3 g6 5. e4 e5 6. Be2 Bg7 7. O-O O-O 8. dxe5 dxe5 9. b4 a5 10. b5 Re8 11. Ba3 Bf8 12. Bxf8 Kxf8 13. Qc1 Kg7 14. Rd1 c6 15. Qa3 Qe7 16. Qxe7 Rxe7 17. bxc6 bxc6 18. Rd6 Bb7 19. Rb1 Nc5 20. Bf1 Nfxe4 21. Nxe4 Nxe4 22. Rd3 Nc5 23. Re3 f6 24. g4 h6 25. h4 Rae8 26. Bg2 Bc8 27. g5 f5 28. Rb8 e4 29. Nd4 Bd7 30. Rxe8 Rxe8 31. Nb3 f4 32. Re1 Nxb3 33. axb3 f3 34. Bf1 hxg5 35. hxg5 Re5 36. Rd1 Rxg5+ 37. Kh2 Bf5 38. Rd6 Rh5+ 39. Kg1 c5 40. Ra6 Kh6 41. Rxa5 Bg4 42. Ra8 Kg5 43. b4 cxb4 44. Rb8 Kf4 45. Rxb4 Rc5 46. Rb6 Rg5 47. Kh2 e3 48. fxe3+ Kxe3 49. Rf6 Kf2 0-1


[Site "https://www.chess.com"]

[Event "Titled Tuesday Blitz June 13 Late 2023"]
[White "Horvath, Dominik"]
[Black "TimGrutter03"]
[WhiteFideId "1642561"]
[WhiteElo "2407"]
[BlackElo "2564"]
[Result "0-1"]
[Round "4"]
[TimeControl "180+2"]
[Date "2023.06.13"]
[WhiteClock "0:00:15"]
[BlackClock "0:01:13"]
[Board "38"]

1. e4 c6 2. Nc3 d5 3. Qe2 d4 4. Nd1 c5 5. f4 Nc6 6. Nf2 Nf6 7. Qf3 e5 8. Bc4 exf4 9. d3 Ne5 10. Bb5+ Bd7 11. Bxd7+ Qxd7 12. Qxf4 Bd6 13. Qh4 c4 14. Ne2 cxd3 15. cxd3 Bb4+ 16. Bd2 Bxd2+ 17. Kxd2 Qb5 18. Nxd4 Qxb2+ 19. Nc2 Rc8 20. Rhc1 O-O 21. Nd1 Rxc2+ 22. Rxc2 Qxa1 23. Rb2 Nxd3 24. Kxd3 Qxd1+ 25. Rd2 Rd8+ 0-1


[Site "https://www.chess.com"]

[Event "Titled Tuesday Blitz June 13 Late 2023"]
[White "Chor, Kevin"]
[Black "Remizov, Yaroslav"]
[WhiteFideId "2090740"]
[BlackFideId "34134015"]
[WhiteElo "2562"]
[BlackElo "2405"]
[Result "0-1"]
[Round "4"]
[TimeControl "180+2"]
[Date "2023.06.13"]
[WhiteClock "0:00:08"]
[BlackClock "0:00:03"]
[Board "39"]

1. e4 c5 2. Nf3 Nc6 3. d4 cxd4 4. Nxd4 Nf6 5. Nc3 e6 6. g3 d5 7. exd5 exd5 8. Bg2 Bg4 9. f3 Bh5 10. O-O Be7 11. Re1 O-O 12. Nf5 Bc5+ 13. Kh1 Ne4 14. Nxe4 dxe4 15. Qxd8 Raxd8 16. fxe4 Nb4 17. Be3 Bxe3 18. Nxe3 Rd2 19. Rac1 Rc8 20. Nd5 Nc6 21. b4 Kf8 22. c4 Rxa2 23. c5 Ne5 24. Ra1 Rd2 25. Rxa7 Bf3 26. Nf4 g5 27. Bxf3 gxf4 28. Rf1 fxg3 29. hxg3 Rc6 30. Bg2 Rh6+ 31. Kg1 Rg6 32. Rf5 Rxg3 33. Rxe5 Rgxg2+ 34. Kf1 Rh2 35. Rg5 Rd1# 0-1


[Site "https://www.chess.com"]

[Event "Titled Tuesday Blitz June 13 Late 2023"]
[White "Zomorrodian, Eilia"]
[Black "Rodrigue-Lemieux, Shawn"]
[WhiteFideId "12551805"]
[BlackFideId "2620049"]
[WhiteElo "2069"]
[BlackElo "2405"]
[Result "0-1"]
[Round "4"]
[TimeControl "180+2"]
[Date "2023.06.13"]
[WhiteClock "0:00:04"]
[BlackClock "0:00:07"]
[Board "40"]

1. e4 c6 2. d4 d5 3. exd5 cxd5 4. c4 Nf6 5. Nc3 Nc6 6. c5 e5 7. Bb5 Qa5 8. dxe5 Ne4 9. Qxd5 Nxc3 10. Bxc6+ bxc6 11. Qxc6+ Kd8 12. Qxa8 Ne4+ 13. Kf1 Qa4 14. Be3 Kc7 15. b3 Qa6+ 16. Ne2 Nc3 17. Qf3 Be6 18. Bd4 Nd5 19. h3 Be7 20. Kg1 h5 21. Kh2 Nb4 22. Rhd1 Nc6 23. b4 Bg4 24. Qg3 Bxe2 25. e6+ Kc8 26. exf7 Bxd1 27. Rxd1 Nxd4 28. Qxg7 Rf8 29. Qxd4 Qe6 30. Rd3 Bd8 31. Re3 Bc7+ 32. g3 Qxf7 33. f4 h4 34. c6 hxg3+ 35. Kg2 Qxa2+ 36. Kxg3 Rg8+ 37. Kh4 Bd8+ 38. Kh5 Qf7+ 39. Kh6 Qg6# 0-1


[Site "https://www.chess.com"]

[Event "Titled Tuesday Blitz June 13 Late 2023"]
[White "Goltsev, Dmitry"]
[Black "Novikov, Evgenij"]
[WhiteFideId "24176710"]
[BlackFideId "4125380"]
[WhiteElo "2356"]
[BlackElo "2242"]
[Result "1-0"]
[Round "4"]
[TimeControl "180+2"]
[Date "2023.06.13"]
[WhiteClock "0:00:25"]
[BlackClock "0:00:18"]
[Board "41"]

1. e4 c6 2. d4 d5 3. Nc3 dxe4 4. Nxe4 Nf6 5. Ng3 g6 6. Nf3 Bg7 7. c3 O-O 8. Bd3 Bg4 9. h3 Bxf3 10. Qxf3 Nbd7 11. O-O e5 12. Bg5 h6 13. Be3 exd4 14. Bxd4 Nd5 15. Bxg7 Kxg7 16. Rfe1 Qf6 17. Be4 Qxf3 18. Bxf3 N7f6 19. c4 Nb4 20. Re7 Rab8 21. a3 Nd3 22. b4 Rfe8 23. Rc7 Ne5 24. Be2 Rec8 25. Rxc8 Rxc8 26. Rd1 Rc7 27. f4 Ned7 28. c5 Nd5 29. f5 N7f6 30. Bf3 Re7 31. b5 Nc3 32. bxc6 bxc6 33. Rd6 Re1+ 34. Kh2 Ra1 35. Rxc6 Rxa3 36. Rc7 g5 37. Nh5+ Nxh5 38. Bxh5 Kf6 39. Rxf7+ Ke5 40. c6 Nd5 41. Rd7 Rc3 42. Bf3 Nb6 43. Rxa7 Kxf5 44. c7 Ke5 45. Rb7 Nc8 46. Bg4 Nd6 47. Ra7 Kf6 48. Ra6 Ke7 49. Rxd6 Kxd6 50. c8=Q Rxc8 51. Bxc8 Ke5 52. Bg4 Kf6 53. Kg3 Kg6 54. Bd1 h5 55. Bc2+ Kf6 56. Kf3 Kg7 57. Ke4 Kf6 58. g4 hxg4 59. hxg4 1-0


[Site "https://www.chess.com"]

[Event "Titled Tuesday Blitz June 13 Late 2023"]
[White "Hambleton, Aman"]
[Black "Kochiev, Ivan"]
[WhiteFideId "2606577"]
[BlackFideId "2917890"]
[WhiteElo "2511"]
[BlackElo "2287"]
[Result "1-0"]
[Round "4"]
[TimeControl "180+2"]
[Date "2023.06.13"]
[WhiteClock "0:02:22"]
[BlackClock "0:00:56"]
[Board "42"]

1. c4 Nf6 2. d4 e6 3. Nc3 c5 4. d5 exd5 5. cxd5 d6 6. e4 g6 7. h3 Bg7 8. Nf3 O-O 9. Bd3 b5 10. Nxb5 Nxe4 11. Bxe4 Qa5+ 12. Nc3 Re8 13. Ng5 f6 14. Ne6 f5 15. Bf3 1-0


[Site "https://www.chess.com"]

[Event "Titled Tuesday Blitz June 13 Late 2023"]
[White "Rustemov, Alexander"]
[Black "Besedes, Danilo"]
[WhiteFideId "4119002"]
[BlackFideId "946796"]
[WhiteElo "2802"]
[BlackElo "2352"]
[Result "1-0"]
[Round "4"]
[TimeControl "180+2"]
[Date "2023.06.13"]
[WhiteClock "0:00:12"]
[BlackClock "0:00:00"]
[Board "43"]

1. d4 Nf6 2. c4 d6 3. Nf3 Nbd7 4. g3 e5 5. Nc3 Be7 6. Bg2 O-O 7. O-O c6 8. Qc2 Qc7 9. h3 Re8 10. e4 Nf8 11. Be3 Ng6 12. Rfe1 a5 13. Rad1 Be6 14. b3 b5 15. d5 Bd7 16. dxc6 Bxc6 17. cxb5 Bxb5 18. Rc1 Qb7 19. Nxb5 Qxb5 20. Nd2 a4 21. Bf1 Qb4 22. Bc4 axb3 23. Bxb3 h5 24. Qc4 Qxc4 25. Rxc4 h4 26. Kg2 hxg3 27. fxg3 Nf8 28. Rc7 Ne6 29. Rb7 Bd8 30. Kf3 Ba5 31. Rd1 Rab8 32. Rxb8 Rxb8 33. Nc4 Bc3 34. Nxd6 Rd8 35. Nf5 Rxd1 36. Bxd1 g6 37. Ne7+ Kf8 38. Nd5 Nxd5 39. exd5 Nd4+ 40. Ke4 Nb5 41. Bc5+ Kg7 42. Kd3 Ba5 43. Kc4 Nc3 44. Bb3 Ne4 45. Bb4 Bc7 46. g4 f5 47. gxf5 gxf5 48. Kb5 f4 49. Kc6 Bd8 50. Bd1 Ng5 51. Bc3 Bf6 52. h4 Ne4 53. Be1 Ng3 54. d6 Nf5 55. d7 e4 56. Bc3 Ne7+ 57. Kb5 Bxc3 58. d8=Q Bf6 59. Qd7 1-0


[Site "https://www.chess.com"]

[Event "Titled Tuesday Blitz June 13 Late 2023"]
[White "Miladinovic, Igor"]
[Black "Diaz Rosas, Julio Cesar"]
[WhiteFideId "4203380"]
[BlackFideId "5105099"]
[WhiteElo "2568"]
[BlackElo "2284"]
[Result "1-0"]
[Round "4"]
[TimeControl "180+2"]
[Date "2023.06.13"]
[WhiteClock "0:00:36"]
[BlackClock "0:00:00"]
[Board "44"]

1. d4 d5 2. Bf4 Nf6 3. e3 g6 4. Nf3 Bg7 5. h3 O-O 6. Bd3 c5 7. c3 Nc6 8. O-O Nd7 9. Bb5 Qb6 10. Na3 a6 11. Bxc6 Qxc6 12. Nc2 Re8 13. a4 b6 14. Qd3 Bb7 15. Bg3 e6 16. Rfd1 Rec8 17. Nce1 Nf6 18. Be5 Qe8 19. Qe2 Bc6 20. a5 Bb5 21. Qc2 Qc6 22. axb6 Qxb6 23. Nd3 cxd4 24. exd4 Bxd3 25. Rxd3 Ne4 26. Bxg7 Kxg7 27. Rdd1 Rab8 28. Rdb1 Rc7 29. Qe2 Qb5 30. Qe3 Rcb7 31. Ne5 Nd6 32. Nd3 Nc4 33. Qf4 Rb6 34. b3 Nd6 35. Nc5 Qc6 36. b4 Ne4 37. Nxa6 Rc8 38. Nc5 Nxc3 39. Rb2 Ne4 40. Ra7 1-0


[Site "https://www.chess.com"]

[Event "Titled Tuesday Blitz June 13 Late 2023"]
[White "Vakhlamov, Igor L."]
[Black "MKlose11"]
[WhiteFideId "24126748"]
[WhiteElo "2407"]
[BlackElo "2538"]
[Result "1/2-1/2"]
[Round "4"]
[TimeControl "180+2"]
[Date "2023.06.13"]
[WhiteClock "0:00:13"]
[BlackClock "0:00:09"]
[Board "45"]

1. e4 e6 2. d4 d5 3. Nc3 Bb4 4. exd5 exd5 5. Bd3 Nc6 6. Nf3 Nce7 7. O-O Nf6 8. Bg5 Bxc3 9. bxc3 Ne4 10. Re1 O-O 11. Bxe7 Qxe7 12. Nd2 Qa3 13. Bxe4 dxe4 14. Nxe4 Bf5 15. Ng3 Bg6 16. Qd2 Rfe8 17. h4 h6 18. h5 Bh7 19. c4 Qb2 20. Reb1 Qxc2 21. Qxc2 Bxc2 22. Rxb7 Rec8 23. Rc1 Bh7 24. Re1 Kf8 25. d5 Bd3 26. c5 Bc4 27. d6 cxd6 28. cxd6 Bxa2 29. Ra1 Rc2 30. Nf5 a5 31. Nd4 Rd2 32. Nf3 Rc2 33. Nd4 Rd2 34. Nf3 Rc2 35. Ne5 a4 36. Nd3 Be6 37. Nf4 Bf5 38. Rb5 Bd7 39. Rb7 Rd8 40. Nd5 Rd2 41. Nb6 Rxd6 42. Nxd7+ R8xd7 43. Rb8+ Rd8 44. Rxd8+ Rxd8 45. Rxa4 Rd5 46. g4 f5 47. f3 fxg4 48. fxg4 Rd2 49. Kf1 Kf7 50. Ra6 Rd4 51. Rg6 Rf4+ 52. Kg2 Rf6 53. Rxf6+ Kxf6 54. Kf3 Ke5 55. Ke3 Kd5 56. Kf4 Ke6 57. Ke4 Kf6 58. Kf4 Ke6 59. g5 hxg5+ 60. Kxg5 Kf7 61. Kf5 Kg8 62. Kg6 Kh8 63. h6 gxh6 64. Kxh6 1/2-1/2


[Site "https://www.chess.com"]

[Event "Titled Tuesday Blitz June 13 Late 2023"]
[White "Lobanov, Sergei"]
[Black "Siniauski, Artsiom"]
[WhiteFideId "24183750"]
[BlackFideId "13512269"]
[WhiteElo "2501"]
[BlackElo "2065"]
[Result "1-0"]
[Round "4"]
[TimeControl "180+2"]
[Date "2023.06.13"]
[WhiteClock "0:01:15"]
[BlackClock "0:00:00"]
[Board "46"]

1. d4 Nf6 2. c4 e6 3. Nc3 Bb4 4. e3 O-O 5. Bd3 d5 6. a3 Bxc3+ 7. bxc3 dxc4 8. Bxc4 c5 9. Ne2 Qc7 10. Bd3 b6 11. e4 e5 12. d5 Ba6 13. c4 Nbd7 14. O-O Rfe8 15. Qc2 h6 16. Bb2 Qd6 17. Qd2 Re7 18. Ng3 Ree8 19. Nf5 Qf8 20. f4 Kh7 21. Nxh6 gxh6 22. fxe5 Nxe5 23. Rxf6 Bxc4 24. Bxe5 Bxd3 25. Qf4 Kg8 26. Re1 Qg7 27. Re3 Rxe5 28. Qxe5 Kh7 29. Rxd3 1-0


[Site "https://www.chess.com"]

[Event "Titled Tuesday Blitz June 13 Late 2023"]
[White "Herrera Reyes, Jose Antonio"]
[Black "Sreyas Payyappat"]
[WhiteFideId "2274914"]
[BlackFideId "46674969"]
[WhiteElo "2272"]
[BlackElo "2043"]
[Result "0-1"]
[Round "4"]
[TimeControl "180+2"]
[Date "2023.06.13"]
[WhiteClock "0:00:12"]
[BlackClock "0:00:08"]
[Board "47"]

1. Nf3 Nf6 2. g3 c5 3. Bg2 Nc6 4. d3 g6 5. Nc3 Bg7 6. h4 h5 7. Bg5 d5 8. Qd2 Bg4 9. O-O e6 10. e4 dxe4 11. dxe4 Qxd2 12. Nxd2 e5 13. Nb3 b6 14. f4 Nd7 15. Nd5 O-O 16. f5 Kh7 17. c3 a5 18. Ne3 f6 19. Nxg4 fxg5 20. Ne3 gxh4 21. gxh4 Bf6 22. Rad1 Rad8 23. Rd6 Ndb8 24. Re6 Bxh4 25. Rxg6 Rd3 26. Nd5 c4 27. Nc1 Rd2 28. b3 b5 29. Bf3 b4 30. bxc4 bxc3 31. Nxc3 Nd4 32. Bxh5 Nbc6 33. Nd5 Rc2 34. Nd3 Rxc4 35. Bd1 Rg8 36. Rxg8 Kxg8 37. Kg2 Kf7 38. Kh3 Bf6 39. Kg4 Ne7 40. Nxf6 Kxf6 41. Rh1 Ndxf5 42. Bf3 Ng6 43. Rh6 Rd4 44. Rh5 Ne3+ 45. Kg3 Rxd3 46. Kf2 Nf4 47. Rh6+ Kg5 48. Ra6 Nc4 49. a4 Rd2+ 50. Ke1 Nd3+ 51. Kf1 Rf2+ 52. Kg1 Rxf3 53. Rc6 Ne3 54. Ra6 Rg3+ 55. Kh2 Nf1+ 56. Kh1 Nf2# 0-1


[Site "https://www.chess.com"]

[Event "Titled Tuesday Blitz June 13 Late 2023"]
[White "Santos Ruiz, Miguel"]
[Black "Zavgorodniy, Sergiy"]
[WhiteFideId "22291482"]
[BlackFideId "14110148"]
[WhiteElo "2499"]
[BlackElo "2402"]
[Result "1-0"]
[Round "4"]
[TimeControl "180+2"]
[Date "2023.06.13"]
[WhiteClock "0:00:15"]
[BlackClock "0:00:10"]
[Board "48"]

1. d4 d5 2. Bf4 Nf6 3. e3 e6 4. Nd2 c5 5. c3 Bd6 6. Ngf3 Qc7 7. Bxd6 Qxd6 8. Bd3 Nbd7 9. O-O O-O 10. Re1 e5 11. dxe5 Nxe5 12. Nxe5 Qxe5 13. e4 dxe4 14. Nxe4 Nxe4 15. Bxe4 Qc7 16. Bd5 Bf5 17. Qf3 Bg6 18. Re2 Rab8 19. Rae1 b5 20. Re7 Qb6 21. h4 h5 22. b3 Rbd8 23. c4 bxc4 24. bxc4 Rd6 25. Qa3 a5 26. Rb7 Qd8 27. Qxc5 Rf6 28. Ree7 Re8 29. Rxe8+ Qxe8 30. Qe7 Qa4 31. Rb8+ Kh7 32. Qd8 Qd1+ 33. Kh2 Kh6 34. Qe7 Qg4 35. Rh8+ Bh7 36. Qe3+ Qf4+ 37. Qxf4+ Rxf4 38. Kg3 Rg4+ 39. Kh3 Rf4 40. f3 g6 41. Ra8 f6 42. Rxa5 g5 43. hxg5+ fxg5 44. Ra6+ Kg7 45. Ra7+ Kh6 46. c5 Bf5+ 47. Kh2 Rd4 48. Ra6+ Kg7 49. Rd6 Rd2 50. Be4 Rxd6 51. cxd6 Bd7 52. Bc2 Kf6 53. Bb3 Ke5 54. g3 Kxd6 55. f4 gxf4 56. gxf4 Ke7 57. Kg3 Kf6 58. Bc2 Bb5 59. a4 Ba6 60. Kh4 Ke6 61. Kxh5 Kf6 62. a5 Ke6 63. Kg5 Kf7 64. f5 Bc8 65. Bb3+ Kf8 66. Bc4 Bb7 67. a6 Ba8 68. a7 Ke7 69. f6+ Kd6 70. Kg6 Kc5 71. f7 Kxc4 72. f8=Q Bd5 73. a8=Q Bxa8 74. Qxa8 Kc5 75. Qd8 Kc6 76. Kf5 Kc5 77. Qd7 Kb6 78. Qc8 Ka7 79. Qc6 Kb8 80. Qd7 Ka8 81. Ke5 Kb8 82. Kd6 Ka8 83. Kc6 Kb8 84. Qb7# 1-0


[Site "https://www.chess.com"]

[Event "Titled Tuesday Blitz June 13 Late 2023"]
[White "Kuznetsov, Felix"]
[Black "Tokhirjonova, Gulrukhbegim"]
[WhiteFideId "34147990"]
[BlackFideId "14203626"]
[WhiteElo "2281"]
[BlackElo "2265"]
[Result "1-0"]
[Round "4"]
[TimeControl "180+2"]
[Date "2023.06.13"]
[WhiteClock "0:01:02"]
[BlackClock "0:00:22"]
[Board "49"]

1. e4 e5 2. Nc3 Nf6 3. f4 exf4 4. e5 Ng8 5. Nf3 d6 6. d4 dxe5 7. Qe2 Nc6 8. Bxf4 Be7 9. dxe5 Bf5 10. Rd1 Qc8 11. Nd5 Bc5 12. e6 fxe6 13. Nxc7+ Kf8 14. Ng5 Nd4 15. Rxd4 Bxd4 16. Ncxe6+ Bxe6 17. Nxe6+ Kf7 18. Nxd4 Nf6 19. Qc4+ Qxc4 20. Bxc4+ Kg6 21. O-O Rac8 22. Bd3+ Kf7 23. Be5 Rhe8 24. Bxf6 gxf6 25. Nb5 Rcd8 26. Nxa7 Re5 27. Nb5 h5 28. Nc3 h4 29. Ne4 f5 30. Ng5+ Kf6 31. Nf3 Ra5 32. Nxh4 Rxa2 33. b3 Ra5 34. Rxf5+ Rxf5 35. Nxf5 Ra8 36. Kf2 Rg8 37. Kf3 Ke5 38. h4 1-0


[Site "https://www.chess.com"]

[Event "Titled Tuesday Blitz June 13 Late 2023"]
[White "brm72"]
[Black "Djordjevic, Vuk"]
[BlackFideId "902098"]
[WhiteElo "2534"]
[BlackElo "2463"]
[Result "0-1"]
[Round "4"]
[TimeControl "180+2"]
[Date "2023.06.13"]
[WhiteClock "0:00:02"]
[BlackClock "0:00:06"]
[Board "50"]

1. e4 e6 2. d4 d5 3. e5 c5 4. c3 Nc6 5. Nf3 Qb6 6. Bd3 cxd4 7. O-O Bd7 8. Re1 Rc8 9. h4 Nge7 10. h5 h6 11. a3 Nf5 12. Bxf5 exf5 13. cxd4 Be6 14. Nc3 Na5 15. Qa4+ Bd7 16. Qd1 Qb3 17. Qe2 Be6 18. Nd2 Qb6 19. Qd3 Be7 20. b4 Nc4 21. Nxc4 Rxc4 22. Be3 f4 23. Bxf4 Qxd4 24. Qxd4 Rxd4 25. Be3 Rc4 26. Nb5 a6 27. Nd6+ Bxd6 28. exd6 Kd7 29. Bc5 Rc8 30. Rac1 b6 31. Rxc4 dxc4 32. Bxb6 c3 33. Bc5 c2 34. Rc1 Bb3 35. f3 Re8 36. Kf2 Re5 37. g4 Rd5 38. Ke2 Rd1 39. Be3 Kxd6 40. f4 Bc4+ 41. Kf2 Bd3 42. g5 Ke6 43. Kf3 Kf5 44. a4 Be4+ 45. Kg3 Ke6 46. Kf2 Bd3 47. Kf3 Kd5 48. gxh6 gxh6 49. b5 axb5 50. axb5 Kd6 51. b6 Kc6 52. Kf2 Bf5 53. Ke2 Bg4+ 54. Kf2 Bf5 55. Ke2 Bd3+ 56. Kf2 Kb7 57. Kf3 f6 58. Kf2 Kc6 59. Kf3 Kb7 60. Kf2 Bf5 61. Ke2 Bg4+ 62. Kf2 Bf5 63. Ke2 Rd5 64. Rg1 Bd3+ 65. Kf2 Rb5 66. Rg7+ Kc6 67. Rc7+ Kd6 68. f5 Bxf5 69. Bf4+ Kd5 70. b7 Ke4 71. Bg3 Kd4 72. Rc8 Rxb7 73. Rd8+ Kc5 74. Bf4 Kb5 75. Bxh6 Kc4 76. Be3 Rb5 77. h6 Bg6 78. Rc8+ Kd5 79. Rg8 Bf5 80. Rf8 Ke6 81. Re8+ Kf7 82. Rd8 Rb7 83. Bc1 Rb1 84. h7 Bxh7 85. Rd7+ Kg6 86. Be3 c1=Q 87. Bxc1 Rxc1 0-1


[Site "https://www.chess.com"]

[Event "Titled Tuesday Blitz June 13 Late 2023"]
[White "FoxOnTheRun97"]
[Black "Klukin, Kirill"]
[BlackFideId "24199273"]
[WhiteElo "2532"]
[BlackElo "2344"]
[Result "0-1"]
[Round "4"]
[TimeControl "180+2"]
[Date "2023.06.13"]
[WhiteClock "0:00:28"]
[BlackClock "0:01:44"]
[Board "51"]

1. d4 Nf6 2. Bg5 e6 3. Nd2 h6 4. Bxf6 Qxf6 5. e3 d5 6. Bd3 c5 7. c3 Nc6 8. f4 Bd6 9. Ngf3 g5 10. g3 gxf4 11. gxf4 Bd7 12. Qe2 O-O-O 13. O-O-O Kb8 14. Rdg1 Rc8 15. Kb1 cxd4 16. cxd4 Nb4 17. Ne5 Qe7 18. Ndf3 Rhg8 19. a3 Nxd3 20. Nxd7+ Qxd7 21. Qxd3 f6 22. Rxg8 Rxg8 23. Rg1 Rxg1+ 24. Nxg1 Qg7 25. Ne2 a6 26. Ng3 Ka7 27. Ka2 Qg4 28. Qh7 Qf3 29. Qxh6 Qxe3 30. Qxf6 Bxf4 31. Qe7 Qxd4 32. Qxe6 Be5 0-1


[Site "https://www.chess.com"]

[Event "Titled Tuesday Blitz June 13 Late 2023"]
[White "Bordi, Kevin"]
[Black "D`Arruda, Ricardo D."]
[WhiteFideId "621862"]
[BlackFideId "100692"]
[WhiteElo "2733"]
[BlackElo "2531"]
[Result "1-0"]
[Round "4"]
[TimeControl "180+2"]
[Date "2023.06.13"]
[WhiteClock "0:00:42"]
[BlackClock "0:00:10"]
[Board "52"]

1. e4 c5 2. Nf3 Nc6 3. Bc4 e6 4. O-O Nf6 5. Re1 Be7 6. e5 Nd5 7. d4 cxd4 8. Nxd4 Nb6 9. Nxc6 dxc6 10. Bd3 O-O 11. Qg4 Re8 12. Nc3 c5 13. Bh6 Bf8 14. Rad1 Nd5 15. Bb5 Kh8 16. Bg5 Re7 17. Ne4 Qc7 18. c4 Nb6 19. Nd6 a6 20. Be8 Rd7 21. Bxd7 Qxd7 22. Nxc8 Qxc8 23. Rd8 Qc7 24. Rxa8 Nxa8 25. Qd1 Nb6 26. Bd8 Qc6 27. Bxb6 Qxb6 28. b3 g6 29. Qd7 Kg7 30. Re3 Qb4 31. g3 1-0


[Site "https://www.chess.com"]

[Event "Titled Tuesday Blitz June 13 Late 2023"]
[White "HamedWafa4"]
[Black "Nazari, Arad"]
[BlackFideId "12577324"]
[WhiteElo "2528"]
[BlackElo "2175"]
[Result "0-1"]
[Round "4"]
[TimeControl "180+2"]
[Date "2023.06.13"]
[WhiteClock "0:00:00"]
[BlackClock "0:00:28"]
[Board "53"]

1. e4 c5 2. Nf3 d6 3. Bb5+ Nd7 4. c3 Nf6 5. Qe2 a6 6. Ba4 b5 7. Bc2 Bb7 8. d4 e6 9. O-O Be7 10. Rd1 O-O 11. Bg5 Re8 12. Nbd2 h6 13. Bh4 Nf8 14. Nf1 Qc7 15. Rac1 Ng6 16. Bg3 e5 17. a4 c4 18. d5 Nh5 19. Ne3 Nhf4 20. Qd2 Bg5 21. Nxg5 hxg5 22. Nf5 Bc8 23. Bxf4 gxf4 24. Qe2 Nf8 25. g3 Bxf5 26. exf5 fxg3 27. hxg3 Nh7 28. Kg2 Nf6 29. g4 e4 30. g5 Nh7 31. Qh5 Qe7 32. f6 Qe5 33. fxg7 Qxg5+ 34. Qxg5 Nxg5 35. Kg3 Kxg7 36. Kf4 Re5 37. Rg1 Kf6 38. Rce1 Nh3+ 39. Ke3 Nxg1 40. Rxg1 Rb8 41. a5 Rxd5 42. Bxe4 Rg5 43. Rd1 Ke6 44. f4 Rh5 45. Bf3 Rc5 46. f5+ Ke5 47. Rd4 b4 48. Be2 d5 49. Rh4 bxc3 50. bxc3 Rxa5 51. Rh7 Rb7 52. Rh8 Ra3 53. Re8+ Kf6 54. Kd4 Re7 0-1


[Site "https://www.chess.com"]

[Event "Titled Tuesday Blitz June 13 Late 2023"]
[White "Zwirs, Nico"]
[Black "Perske, Thore"]
[WhiteFideId "1036432"]
[BlackFideId "12902195"]
[WhiteElo "2381"]
[BlackElo "2336"]
[Result "1-0"]
[Round "4"]
[TimeControl "180+2"]
[Date "2023.06.13"]
[WhiteClock "0:00:45"]
[BlackClock "0:01:01"]
[Board "54"]

1. e4 e6 2. d4 d5 3. Nc3 Nf6 4. e5 Nfd7 5. f4 c5 6. Nf3 Nc6 7. Be3 b6 8. Bb5 Bb7 9. Qd2 Be7 10. O-O-O a6 11. Bxc6 Bxc6 12. f5 b5 13. fxe6 fxe6 14. Ne2 O-O 15. dxc5 Nxc5 16. Ned4 Bd7 17. h4 Ne4 18. Qe1 a5 19. Kb1 b4 20. Ng5 Bxg5 21. hxg5 Qe7 22. Qh4 g6 23. Ne2 a4 24. Ng3 Nxg3 25. Qxg3 b3 26. cxb3 axb3 27. a3 Rxa3 28. bxa3 Qxa3 29. Rd2 Ra8 30. Bd4 Bb5 31. Qh3 Qe7 32. Rb2 Bc4 33. Rf2 b2 34. Rxb2 Qf7 35. Rb6 Ba2+ 36. Kb2 Re8 37. Kxa2 1-0


[Site "https://www.chess.com"]